 Dungeon Crawl Stone Soup version 0.31-a0-233-g139696dc86 (webtiles) character file.

Game seed: 11608315659269881909

50 qw the Shooter (level 3, -2/29 HPs)
             Began as a Minotaur Hexslinger on July 8, 2023.
             Killed from afar by Sigmund (6 damage)
             ... with a magic dart
             ... on level 2 of the Dungeon.
             The game lasted 00:00:26 (808 turns).

qw the Shooter (Minotaur Hexslinger)                 Turns: 808, Time: 00:00:26

Health: -2/29      AC:  5    Str: 18    XL:     3   Next: 55%
Magic:  3/3        EV: 11    Int: 10    God:
Gold:   48         SH:  0    Dex: 14    Spells: 3/4 levels left

rFire   . . .        Y - +1 sling (flame)
rCold   . . .        (no shield)
rNeg    . . .        e - +0 ring mail
rPois   +            (helmet restricted)
rElec   .            (no cloak)
rCorr   .            (no gloves)
SInv    .            (no boots)
Will    .....        (no amulet)
Stlth   +            f - +6 ring of strength
HPRegen 0.24/turn    j - ring of poison resistance
MPRegen 0.08/turn

%: no passive effects
@: no status effects
A: horns 2, retaliatory headbutt
a: no special abilities


You were on level 2 of the Dungeon.
You visited 1 branch of the dungeon, and saw 2 of its levels.

You collected 48 gold pieces.


Innate Abilities, Weirdness & Mutations

You have a pair of horns on your head.
You reflexively headbutt those who attack you in melee.


   Skills:
 - Level 2.0 Fighting
 + Level 4.1 Ranged Weapons
 - Level 2.1 Dodging
 - Level 1.0 Spellcasting
 - Level 2.0 Hexes


You had 3 spell levels left.
You knew the following spells:

 Your Spells              Type           Power      Damage    Failure   Level
a - Slow                  Hex            16%        N/A       26%         1

Your spell library contained the following spells:

 Spells                   Type           Power      Damage    Failure   Level
 Inner Flame              Hex/Fire       2%         N/A       77%         3
 Portal Projectile        Hex/Tloc       4%         N/A       77%         3
 Cause Fear               Hex            2%         N/A       95%         4

Inventory:

Hand Weapons
 Y - a +1 sling of flaming (weapon)
Armour
 b - a +0 pair of gloves
 e - a +0 ring mail (worn)
Jewellery
 f - a +6 ring of strength (left hand)
 j - a ring of poison resistance (right hand)
Scrolls
 a - a scroll of identify {unknown}
 c - a scroll of fog {unknown}
Potions
 g - a potion of curing
 h - a potion of haste {unknown}

Dungeon Overview and Level Annotations

Branches:
Dungeon (2/15)

Altars:

Annotations:
D:2 Sigmund


Message History

The goblin hits you but does no damage.
The frilled lizard bites you but does no damage.
The goblin hits you with a +0 club.
You shoot a sling bullet. The sling bullet barely misses Robin.
The sling bullet closely misses the goblin.
The frilled lizard bites you but does no damage.
The goblin hits you but does no damage. The goblin closely misses you.
Sigmund hits you but does no damage. The goblin completely misses you.
You furiously retaliate!
You headbutt the goblin!
You kill the goblin!
The goblin misses you. You furiously retaliate!
You headbutt the goblin.
The frilled lizard unfolds its giant frill.
The frilled lizard bites you but does no damage.
The goblin hits you with a +0 club.
You shoot a sling bullet. The sling bullet hits the goblin.
The sling bullet burns the goblin.
You kill the goblin!
Sigmund misses you. The frilled lizard misses you.
The goblin hits you but does no damage.
You shoot a sling bullet. The sling bullet hits Robin.
The sling bullet burns Robin.
You kill Robin!
Sigmund drinks a potion.
Sigmund's spells are empowered!
The frilled lizard bites you but does no damage.
The goblin hits you but does no damage.
Your Ranged Weapons skill increases to level 4!
You shoot a sling bullet. The sling bullet hits the goblin.
The sling bullet burns the goblin.
The goblin is severely wounded.
Sigmund hits you from afar with a +0 scythe!
The frilled lizard bites you but does no damage.
The goblin hits you but does no damage. The frilled lizard barely misses you.
The goblin hits you but does no damage.
You shoot a sling bullet. The sling bullet hits the goblin.
The sling bullet burns the goblin.
You kill the goblin!
You hear a shout!
Sigmund casts a spell at you. The magic dart hits you.
You die...

#.# J# #+#####'###
g@..# #.....)...#
g.g# #.........#
..@# ##%........#
.[##.......#+#.#
.....~~~~~...#.#
####@.~~~~~~~~~....
#)@))# ~~~~~~~#...
#))l.## ~~~~####...
#...#.## #.#.#..
#.(~##.## #..##~.
#..~~##.# #...#~.
#..~~##.#####.###~.
##.~~#.........#~~.
#.~~#####.##### ~.
#!. #.# ..


You could see Sigmund (empowered) and a frilled lizard.

Vanquished Creatures
  Robin (D:2)
  5 bats (D:1)
  2 giant cockroaches (D:1)
  7 goblins
  5 hobgoblins
  3 kobolds
  2 quokkas (D:1)
  3 ball pythons (D:1)
  9 rats
37 creatures vanquished.

Notes
Turn   | Place    | Note
-------+----------+-------------------------------------------
     0 | D:1      | qw the Minotaur Hexslinger began the quest for the Orb.
     0 | D:1      | Reached XP level 1. HP: 16/16 MP: 1/1
     0 | D:1      | 0 ||| qw: Version: 0.3-a-46-gb1f654a
     0 | D:1      | 0 ||| qw: Game counter: 3565
     0 | D:1      | 0 ||| qw: Melee chars always use a shield: true
     0 | D:1      | 0 ||| qw: God list: Okawaru
     0 | D:1      | 0 ||| qw: Allow faded altars: false
     0 | D:1      | 0 ||| qw: Do Orc after clearing Dungeon:15 true
     0 | D:1      | 0 ||| qw: Do second Lair branch before Depths: true
     0 | D:1      | 0 ||| qw: Lair rune preference: random
     0 | D:1      | 0 ||| qw: Goals: Normal
     0 | D:1      | 0 ||| PLANNING D:1-11
    67 | D:1      | 67 ||| FLEEEEING.
    68 | D:1      | 68 ||| FLEEEEING.
    69 | D:1      | 69 ||| FLEEEEING.
    70 | D:1      | 70 ||| FLEEEEING.
    71 | D:1      | 71 ||| FLEEEEING.
    72 | D:1      | 72 ||| FLEEEEING.
    73 | D:1      | 73 ||| FLEEEEING.
    74 | D:1      | 74 ||| FLEEEEING.
   144 | D:1      | Reached skill level 3 in Ranged Weapons
   146 | D:1      | Reached XP level 2. HP: 23/23 MP: 2/2
   592 | D:1      | Reached XP level 3. HP: 29/29 MP: 3/3
   682 | D:1      | 682 ||| UPGRADING to +0 ring mail.
   692 | D:1      | 692 ||| DROPPING +0 robe.
   693 | D:1      | 693 ||| UPGRADING to +6 ring of strength.
   694 | D:1      | 694 ||| UPGRADING to ring of poison resistance.
   695 | D:1      | 695 ||| READING scroll labelled KUPUNOU ARUETZ.
   696 | D:1      | 696 ||| READING scroll labelled JIL OSUOLAGUG.
   697 | D:1      | 697 ||| READING scroll labelled SURCHA DOGYIKHLO.
   698 | D:1      | 698 ||| READING scroll labelled EMUEQA YMIWO.
   699 | D:1      | 699 ||| DRINKING 2 murky amethyst potions.
   700 | D:1      | 700 ||| DROPPING scroll of poison.
   790 | D:2      | Noticed Robin
   791 | D:2      | Noticed Sigmund
   792 | D:2      | 792 ||| Stepping ~*~*~tactically~*~*~ (outnumbered).
   794 | D:2      | 794 ||| Stepping ~*~*~tactically~*~*~ (outnumbered).
   806 | D:2      | Killed Robin
   807 | D:2      | Reached skill level 4 in Ranged Weapons
   807 | D:2      | HP: 4/29 [Sigmund/+0 scythe (7)]
   808 | D:2      | Killed from afar by Sigmund

Levels and vault maps discovered:
D:1:      dpeg_arrival_triangle_fractal, layout_loops_cross,
          nicolae_figureground_pulse
D:2:      layout_basic, basic_altar, grunt_decor_junction, uniq_robin,
          uniq_sigmund

Skill      XL: |  1  2  3 |
---------------+----------+-----
Ranged Weapons | 3 4 |  4.1
Fighting       | 2 |  2.0
Dodging        | |  2.1
Spellcasting   | |  1.0
Hexes          | |  2.0

Action                     || total
---------------------------++-------
   Fire: Sling             ||    99
    Use: Scroll            ||     4
         Potion            ||     1
 Armour: Robe              ||    17
         Ring mail         ||    27
  Dodge: Dodged            ||    47

Table legend:
 A = Non-vault XP
 B = Vault XP
 C = Vault XP percentage of total XP
 D = Non-vault monster count
 E = Vault monster count
 F = Vault count percentage of total count
                 A         B        C        D         E       F
            +---------+---------+-------+---------+---------+-------
      Total |      44 |      30 |  40.5 |      29 |       8 |  21.6
            +---------+---------+-------+---------+---------+-------
        D:1 |      42 |       0 |   0.0 |      27 |       0 |   0.0
        D:2 |       2 |      30 |  93.8 |       2 |       8 |  80.0
            +---------+---------+-------+---------+---------+-------
